 Dungeon Crawl Stone Soup version 0.23-a0-313-gf30bb39 (webtiles) character file.

71565 MatthieuS the Fencer (level 14, -8/135 HPs)
             Began as a Minotaur Wanderer on Oct 11, 2018.
             Was the Champion of Hepliaklqana.
             Succumbed to Sonja's poison
             ... on level 12 of the Dungeon on Oct 12, 2018.
             The game lasted 01:07:08 (24213 turns).

MatthieuS the Fencer (Minotaur Wanderer)           Turns: 24213, Time: 01:07:08

Health: -8/135     AC: 29    Str: 19 (22) XL:     14   Next: 98%
Magic:  13/13      EV: 10    Int:  7 (10) God:    Hepliaklqana [******]
Gold:   1950       SH:  0    Dex:  6 (9)  Spells: 13/13 levels left

rFire    + + .     SeeInvis .   a - +3 great sword (elec)
rCold    + + .     Gourm    .   (shield currently unavailable)
rNeg     . . .     Faith    .   c - +1 plate armour {MR+}
rPois    +         Spirit   .   g - +2 hat
rElec    +         Reflect  .   C - +0 cloak
rCorr    +         Harm     .   y - +1 pair of gloves
MR       +++..                  q - +2 pair of boots
Stlth    ..........             i - amulet of rage
HPRegen  0.32/turn              l - ring of protection from magic
MPRegen  0.13/turn              f - ring of protection from cold

@: lethally poisoned (-8 -> -81), resistant, very slightly contaminated, slowed,
invisible, very slow
A: retaliatory headbutt, reduced essence, horns 2, molten scales 1, fire
resistance 1, robust 1
a: Recall Ancestor, Ancestor Identity, Transference, Idealise, Renounce
Religion, Evoke Berserk Rage


You were on level 12 of the Dungeon.
You worshipped Hepliaklqana.
Hepliaklqana was exalted by your worship.
You were not hungry.

You visited 3 branches of the dungeon, and saw 20 of its levels.

You collected 2370 gold pieces.
You spent 420 gold pieces at shops.

Inventory:

Hand Weapons
 a - a +3 great sword of electrocution (weapon)
   (You found it on level 8 of the Dungeon)
 p - the +10 trident "Worm" {pierce, rN+}
   (You found it on level 3 of the Lair of Beasts)

   It inflicts extra damage upon your enemies.
   It protects you from negative energy.
 B - a +0 great sword
   (You found it on level 3 of the Lair of Beasts)
Armour
 c - a +1 plate armour of magic resistance (worn)
   (You took it off Saint Roka on level 2 of the Orcish Mines)
 g - a +2 hat (worn)
   (You found it on level 10 of the Dungeon)
 m - a scarf of resistance
   (You found it on level 3 of the Lair of Beasts)
 q - a +2 pair of boots (worn)
   (You found it on level 6 of the Dungeon)
 y - a +1 pair of gloves (worn)
   (You found it on level 2 of the Lair of Beasts)
 C - a +0 cloak (worn)
   (You found it on level 5 of the Lair of Beasts)
Jewellery
 b - an uncursed ring of protection from cold
   (You found it on level 11 of the Dungeon)
 f - a ring of protection from cold (right hand)
   (You bought it in a shop on level 2 of the Orcish Mines)
 i - an amulet of rage (around neck)
   (You found it on level 4 of the Dungeon)
 l - a ring of protection from magic (left hand)
   (You found it on level 5 of the Dungeon)
Wands
 t - a wand of flame (31)
   (You found it on level 10 of the Dungeon)
 u - a wand of paralysis (9)
   (You found it on level 6 of the Lair of Beasts)
 v - a wand of digging (17)
   (You found it on level 5 of the Lair of Beasts)
 z - a wand of polymorph (20)
   (You found it on level 6 of the Dungeon)
Scrolls
 h - 5 scrolls of fog
 k - 13 scrolls of remove curse {@r2}
 n - 9 scrolls of magic mapping
 s - a scroll of silence
 x - 3 scrolls of teleportation {@r4}
 D - a scroll of immolation {!r}
 F - a scroll of identify {@r1}
Potions
 j - a potion of berserk rage
 w - 3 potions of flight
 A - a potion of haste {@q3}
 E - 2 potions of lignification {unknown}
 G - a potion of mutation {!q}
 H - a potion of magic {unknown}
 J - 3 potions of agility
 K - a potion of resistance
 L - 3 potions of brilliance
Comestibles
 e - 22 rations


   Skills:
 + Level 15.4 Fighting
 + Level 17.8 Long Blades
   Level 1.2 Axes
   Level 1.1 Bows
 + Level 14.5 Armour
 + Level 13.3 Dodging
   Level 2.4 Shields


You had 13 spell levels left.
You didn't know any spells.
Your spell library contained the following spells:

 Spells                   Type           Power        Failure   Level  Hunger
 Animate Skeleton         Necr           N/A          99%         1    ##.....
 Apportation              Tloc           #.....       99%         1    ##.....
 Confusing Touch          Hex            #.....       99%         1    ##.....
 Corona                   Hex            #......      99%         1    ##.....
 Flame Tongue             Conj/Fire      #....        99%         1    ##.....
 Magic Dart               Conj           #...         99%         1    ##.....
 Summon Small Mammal      Summ           #...         99%         1    ##.....
 Searing Ray              Conj           #.....       100%        2    ###....
 Slow                     Hex            #.......     100%        2    ###....
 Swiftness                Chrm/Air       #.......     100%        2    ###....
 Dazzling Spray           Conj/Hex       #.....       100%        3    ####...
 Inner Flame              Hex/Fire       #.......     100%        3    ####...
 Mephitic Cloud           Conj/Pois/Air  #.......     100%        3    ####...
 Portal Projectile        Hex/Tloc       #.....       100%        3    ####...
 Airstrike                Air            #.........   100%        4    #####..
 Cause Fear               Hex            #.........   100%        4    #####..
 Force Lance              Conj/Tloc      #.......     100%        4    #####..
 Fulminant Prism          Conj/Hex       #.........   100%        4    #####..
 Iskenderun's Mystic Bla  Conj           #.......     100%        4    #####..
 Leda's Liquefaction      Hex/Erth       #.........   100%        4    #####..
 Sticky Flame             Conj/Fire      #.......     100%        4    #####..
 Lightning Bolt           Conj/Air       #.........   100%        5    ######.


Dungeon Overview and Level Annotations

Branches:
Dungeon (12/15)            Temple (0/1) D:5            Lair (6/6) D:10
 Shoals (0/4) Lair:2       Spider (0/4) Lair:3        Slime (0/5) Lair:5
    Orc (2/2) D:9             Elf (0/3) Orc:2

Altars:
Cheibriados
Dithmenos
Hepliaklqana
Kikubaaqudgha
Makhleb
Nemelex Xobeh
Sif Muna
Trog
Uskayaw
Xom
Yredelemnul
Zin
Beogh
Jiyva

Shops:
Orc:2 *[[(

Annotations:
D:6 1 runed door
Lair:5 1 runed door


Innate Abilities, Weirdness & Mutations

You reflexively headbutt those who attack you in melee.
You have a pair of horns on your head.
Your life essence is reduced to manifest your ancestor. (-10% HP)
You are partially covered in molten scales. (AC +2)
Your flesh is heat resistant. (rF+)
You are robust. (+10% HP)


Message History

Sonja shoots a curare-tipped needle.
The curare-tipped needle hits you.
You are more poisoned.
You have difficulty breathing.
* * * LOW HITPOINT WARNING * * *
You feel as though you will be slow longer.
Sonja shouts, "Too slow!"
Sonja shoots a curare-tipped needle.
The curare-tipped needle hits you.
You are more poisoned.
You have difficulty breathing.
* * * LOW HITPOINT WARNING * * *
You feel as though you will be slow longer.
* * * LOW HITPOINT WARNING * * *
You feel extremely sick.
Sonja unwields an uncursed blowgun.
Sonja wields an uncursed dagger of venom.
It begins to drip with poison!
Sonja barely misses you.
You riposte.
You miss Sonja. Sonja closely misses you. Sonja misses you.
Sonja barely misses you. You furiously retaliate!
You headbutt Sonja. Sonja hits you but does no damage.
You are more poisoned.
Sonja hits you but does no damage.
You are more poisoned.
Unknown command.
You slice Sonja!!
* * * LOW HITPOINT WARNING * * *
You feel extremely sick. Sonja hits you but does no damage.
You are more poisoned.
Sonja hits you but does no damage.
You are more poisoned.
Sonja hits you but does no damage. Sonja barely misses you.
Sonja hits you but does no damage.
You are more poisoned.
Sonja closely misses you.
You catch the helpless Sonja completely off-guard!
You slash Sonja!
You kill Sonja!
* * * LOW HITPOINT WARNING * * *
You feel extremely sick.
* * * LOW HITPOINT WARNING * * *
You feel extremely sick.
Things that are here:
an uncursed dagger of venom; an uncursed blowgun; a potion of curing {@q1} You feel protected.
* * * LOW HITPOINT WARNING * * *
You feel extremely sick.
It was a potion of degeneration.
There was something very wrong with that liquid.
You feel weakened.
You feel dopey.
You feel clumsy.
You die...

#############
###......(.((.#
.......@..###.#
###.#####.# #.#
#.# #.# #.# #.#
#.# #.# #.# #.#
#?# #.# #.# #.#


There were no monsters in sight!

Vanquished Creatures
  Saint Roka (Orc:2)
  3 orc warlords
  2 entropy weavers (Lair:6)
  3 hydras
  A merfolk avatar (Lair:6)
  An anaconda (Lair:4)
  2 tengu warriors (D:10)
  2 two-headed ogres
  A queen ant (Lair:6)
  Sonja (D:12)
  2 sea snakes (Lair:6)
  An unseen horror (D:12)
  2 harpies (Lair:6)
  An oklob plant (Lair:2)
  2 cyclopes
  An ugly thing (D:11)
  12 elephants
  8 black mambas
  A centaur skeleton (D:12)
  A gargoyle (D:11)
  6 spiny frogs
  11 komodo dragons
  3 rime drakes (Lair:6)
  3 polar bears (Lair:6)
  2 trolls
  A hornet (Lair:6)
  3 jumping spiders (Lair:3)
  A wind drake (Lair:6)
  13 hippogriffs
  10 blink frogs
  3 redbacks (Lair:3)
  A wraith (D:11)
  41 yaks
  2 wyverns
  A steam dragon (Lair:3)
  2 basilisks
  Menkaure (D:4)
  5 wargs
  24 soldier ants (Lair:6)
  An acid dragon (D:12)
  13 porcupines
  16 water moccasins
  44 orc warriors
  A sky beast (D:6)
  2 black bears
  A hornet zombie (D:8)
  4 phantoms
  10 ogres
  4 wolves
  6 centaurs
  11 crocodiles
  A big kobold (D:9)
  12 bullfrogs
  A wyvern skeleton (D:7)
  3 scorpions
  2 water moccasin skeletons
  18 killer bees
  An electric eel (Lair:3)
  A howler monkey (D:10)
  A centaur zombie (D:9)
  A crimson imp (D:10)
  2 bullfrog zombies
  3 hounds
  A quasit (D:10)
  26 orc priests
  4 jellies
  A gnoll shaman (D:8)
  A human skeleton (D:6)
  23 orc wizards
  Jessica (D:8)
  Ijyb (D:3)
  A hexer (D:10)
  20 worker ants
  2 hound skeletons
  7 gnolls
  6 adders
  A shadow imp (D:11)
  3 oozes (D:8)
  An adder zombie (D:5)
  3 worms (D:2)
  3 dart slugs
  A leopard gecko (D:1)
  84 orcs
  7 bats
  6 giant cockroaches
  8 goblins
  3 hobgoblins
  18 jackals
  11 kobolds
  7 quokkas
  A ball python (D:3)
  6 frilled lizards
  A quokka skeleton (D:5)
  8 rats
  5 fungi
611 creatures vanquished.

Vanquished Creatures (collateral kills)
  A hydra (Lair:6)
  A catoblepas (Lair:3)
  An oklob plant (Lair:2)
  3 elephants
  A rime drake (Lair:1)
  2 spiny frogs
  2 komodo dragons (Lair:6)
  A kobold demonologist (D:10)
  A blink frog (Lair:6)
  2 hippogriffs (Lair:6)
  A wyvern (Lair:6)
  A basilisk (Lair:3)
  A yak (D:10)
  2 soldier ants (Lair:6)
  A water moccasin (Lair:6)
  A black bear (D:8)
  An eye of draining (D:11)
  2 orc warriors
  An ogre (Orc:2)
  A crocodile (Lair:6)
  4 bullfrogs
  4 killer bees
  A crimson imp (D:8)
  A hound (D:6)
  3 orc priests
  6 orc wizards
  6 worker ants
  2 adders
  A gnoll (D:8)
  2 oozes (D:8)
  An adder skeleton (D:7)
  A worm (D:5)
  18 orcs
77 creatures vanquished.

Vanquished Creatures (others)
  A water moccasin (Lair:6)
  21 hexers
  An ancestor (D:5)
  18 fungi
  52 plants
93 creatures vanquished.

Grand Total: 781 creatures vanquished

Notes
Turn   | Place    | Note
-------+----------+-------------------------------------------
     0 | D:1      | MatthieuS the Minotaur Wanderer began the quest for the
                  | Orb.
     0 | D:1      | MatthieuS set off with: a +2 shortbow, 22 arrows, a +0 ring
                  | mail, a scroll of teleportation {@r4}, a ration
     0 | D:1      | Reached XP level 1. HP: 24/24 MP: 0/0
   239 | D:1      | Reached XP level 2. HP: 27/30 MP: 1/1
   247 | D:1      | Reached skill level 1 in Dodging
   558 | D:1      | Reached XP level 3. HP: 36/38 MP: 2/2
  1612 | D:2      | Reached XP level 4. HP: 40/45 MP: 3/3
  2162 | D:3      | Found a shadowy altar of Dithmenos.
  2445 | D:3      | Noticed Ijyb
  2451 | D:3      | Killed Ijyb
  2451 | D:3      | Reached XP level 5. HP: 31/51 MP: 4/4
  2651 | D:4      | Reached skill level 1 in Long Blades
  2658 | D:4      | Noticed an ogre
  2665 | D:4      | Killed an ogre
  2665 | D:4      | Reached skill level 2 in Long Blades
  2673 | D:4      | Noticed an ogre
  2678 | D:4      | Killed an ogre
  2678 | D:4      | Reached XP level 6. HP: 57/60 MP: 5/5
  2819 | D:4      | Noticed Menkaure
  2829 | D:4      | Killed Menkaure
  2829 | D:4      | Reached skill level 3 in Long Blades
  2850 | D:4      | Reached XP level 7. HP: 53/67 MP: 6/6
  3027 | D:4      | Reached skill level 5 in Armour
  3231 | D:4      | Found a hazy altar of Hepliaklqana.
  3234 | D:4      | Became a worshipper of Hepliaklqana the Forgotten
  3249 | D:4      | Found a glowing silver altar of Zin.
  3625 | D:5      | Entered Level 5 of the Dungeon
  3648 | D:5      | Found a staircase to the Ecumenical Temple.
  3661 | D:5      | Reached skill level 4 in Long Blades
  4036 | D:5      | Reached skill level 5 in Dodging
  4036 | D:5      | Reached XP level 8. HP: 21/67 MP: 7/7
  4330 | D:5      | Reached * piety under Hepliaklqana
  4681 | D:6      | Reached skill level 5 in Long Blades
  4730 | D:6      | Found a runed door.
  4740 | D:6      | Found a basalt altar of Yredelemnul.
  5348 | D:7      | Reached skill level 6 in Long Blades
  5599 | D:7      | Reached ** piety under Hepliaklqana
  5602 | D:7      | Remembered your ancestor Actarus as a hexer
  5667 | D:7      | Noticed a hippogriff
  5675 | D:7      | Killed a hippogriff
  5675 | D:7      | Reached XP level 9. HP: 64/75 MP: 8/8
  5738 | D:7      | Found a sparkling altar of Nemelex Xobeh.
  5738 | D:7      | Found a burning altar of Makhleb.
  5743 | D:7      | Found a faded altar of an unknown god.
  5745 | D:7      | Found a faded altar of an unknown god.
  5747 | D:7      | Found an ancient bone altar of Kikubaaqudgha.
  6396 | D:8      | Reached *** piety under Hepliaklqana
  6467 | D:8      | Reached skill level 7 in Long Blades
  6482 | D:8      | Upgraded the game from 0.23-a0-309-ge7838e6 to
                  | 0.23-a0-310-gdcc7a32
  6510 | D:8      | Reached skill level 10 in Fighting
  6663 | D:8      | Noticed Jessica
  6665 | D:8      | Killed Jessica
  6672 | D:8      | Found a deep blue altar of Sif Muna.
  7349 | D:9      | Reached skill level 8 in Long Blades
  7353 | D:9      | Reached XP level 10. HP: 69/84 MP: 9/9
  7453 | D:9      | Found a hide-covered altar of Uskayaw.
  7460 | D:9      | Found a snail-covered altar of Cheibriados.
  7484 | D:9      | Noticed a two-headed ogre
  7496 | D:9      | Killed a two-headed ogre
  7778 | D:9      | Upgraded the game from 0.23-a0-310-gdcc7a32 to
                  | 0.23-a0-313-gf30bb39
  8230 | D:9      | Found a staircase to the Orcish Mines.
  8417 | D:10     | Entered Level 10 of the Dungeon
  8424 | D:10     | Reached **** piety under Hepliaklqana
  8437 | D:10     | Noticed a rust devil
  8444 | D:10     | Noticed a rust devil
  8467 | D:9      | Reached skill level 9 in Long Blades
  8730 | D:10     | Noticed a tengu warrior
  8732 | D:10     | Noticed a tengu warrior
  8767 | D:10     | Gained mutation: Your flesh is heat resistant. (rF+)
                  | [potion of mutation]
  8767 | D:10     | Gained mutation: You are partially covered in molten
                  | scales. (AC +2) [potion of mutation]
  8767 | D:10     | Gained mutation: You are robust. (+10% HP) [potion of
                  | mutation]
  8781 | D:10     | Killed a tengu warrior
  8781 | D:10     | Reached skill level 10 in Armour
  8881 | D:10     | Killed a tengu warrior
  8991 | D:10     | HP: 4/97 [komodo dragon (12)]
  9364 | D:10     | Reached XP level 11. HP: 95/104 MP: 10/10
  9376 | D:10     | Reached skill level 10 in Long Blades
  9431 | D:10     | Found a staircase to the Lair.
  9499 | D:10     | Found a bloodstained altar of Trog.
  9568 | D:10     | Reached skill level 11 in Long Blades
  9899 | Lair:1   | Entered Level 1 of the Lair of Beasts
  9899 | Lair:1   | Found a shimmering altar of Xom.
 10421 | Lair:1   | Reached skill level 12 in Long Blades
 11044 | Lair:2   | Reached skill level 13 in Long Blades
 11119 | Lair:2   | Noticed an oklob plant
 11130 | Lair:2   | Noticed an oklob plant
 11146 | Lair:2   | Killed an oklob plant
 11151 | Lair:2   | Killed an oklob plant
 11188 | Lair:2   | Found a staircase to the Shoals.
 11539 | Lair:3   | Reached ***** piety under Hepliaklqana
 11552 | Lair:3   | Reached skill level 14 in Long Blades
 11765 | Lair:3   | Reached XP level 12. HP: 70/111 MP: 11/11
 11806 | Lair:3   | Reached skill level 15 in Long Blades
 12340 | Lair:3   | Noticed a catoblepas
 12361 | Lair:3   | Killed a catoblepas
 12448 | Lair:3   | Noticed a five-headed hydra
 12470 | Lair:3   | Got a pitted trident
 12471 | Lair:3   | Identified the +10 trident "Worm" {pierce, rN+} (You found
                  | it on level 3 of the Lair of Beasts)
 12480 | Lair:3   | Killed a five-headed hydra
 12826 | Lair:3   | Found a hole to the Spider Nest.
 13283 | Lair:4   | Reached skill level 10 in Dodging
 13938 | Lair:4   | Noticed an anaconda
 13947 | Lair:4   | Killed an anaconda
 15029 | Lair:4   | Reached XP level 13. HP: 122/122 MP: 12/12
 15130 | Lair:4   | Reached skill level 16 in Long Blades
 16496 | Lair:5   | Found a runed door.
 16496 | Lair:5   | Found a viscous altar of Jiyva.
 16496 | Lair:5   | Found a staircase to the Slime Pits.
 16496 | Lair:5   | Noticed an acid blob
 16496 | Lair:5   | Noticed an acid blob
 16585 | Lair:6   | Entered Level 6 of the Lair of Beasts
 16727 | Lair:6   | Reached ****** piety under Hepliaklqana
 16763 | Lair:6   | Noticed an entropy weaver
 16763 | Lair:6   | Noticed an entropy weaver
 17488 | Lair:6   | Killed an entropy weaver
 17920 | Lair:6   | Reached XP level 14. HP: 121/132 MP: 13/13
 17958 | Lair:6   | Killed an entropy weaver
 18219 | Lair:6   | Reached skill level 17 in Long Blades
 18598 | Lair:6   | Identified the Disquisition on Ignition and Flight
 19318 | Orc:1    | Entered Level 1 of the Orcish Mines
 19876 | Orc:1    | Noticed an orc warlord
 19891 | Orc:1    | Killed an orc warlord
 20297 | Orc:1    | Noticed an orc warlord
 20319 | Orc:1    | Killed an orc warlord
 20518 | Orc:1    | Found a roughly hewn altar of Beogh.
 21001 | Orc:2    | Entered Level 2 of the Orcish Mines
 21001 | Orc:2    | Noticed Saint Roka
 21254 | Orc:2    | Killed Saint Roka
 21254 | Orc:2    | Reached skill level 15 in Fighting
 21573 | Orc:2    | Found a roughly hewn altar of Beogh.
 21573 | Orc:2    | Found Wuiloqas's Antique Armour Boutique.
 21772 | Orc:2    | Found a roughly hewn altar of Beogh.
 21773 | Orc:2    | Found Wehoc's Assorted Antiques.
 21806 | Orc:2    | Bought a scroll of identify for 70 gold pieces
 21806 | Orc:2    | Bought a scroll of teleportation for 105 gold pieces
 21806 | Orc:2    | Bought a runed garnet ring for 175 gold pieces
 21806 | Orc:2    | Bought a scroll of identify for 70 gold pieces
 22006 | Orc:2    | Found a roughly hewn altar of Beogh.
 22067 | Orc:2    | Found a staircase to the Elven Halls.
 22201 | Orc:2    | Noticed an orc warlord
 22328 | Orc:2    | HP: 3/135 [orc priest/divine providence (9)]
 22824 | Orc:2    | Killed an orc warlord
 23174 | Orc:2    | Found Pioc's Antique Weapon Shoppe.
 23175 | Orc:2    | Found a roughly hewn altar of Beogh.
 23176 | Orc:2    | Found Fumnav's Antique Armour Emporium.
 24191 | D:12     | Noticed Sonja
 24210 | D:12     | Killed Sonja
 24212 | D:12     | HP: 1/135 [poisoned by Sonja]
 24213 | D:12     | Succumbed to Sonja's poison

Vault maps used:
D:1:      scummos_arrival_star
D:3:      grunt_dithmenos_smoke_and_mirrors, uniq_ijyb
D:4:      kennysheep_mini, nicolae_overflow_crystal_walls, first_ration,
          uniq_menkaure
D:5:      minmay_temple_entry_butterflies
D:6:      dk_yredelemnul_ordeal
D:7:      chequers_temple_overflow_minitemple, hangedman_abyss_or_decor_slice
D:8:      hangedman_little_slice_of_home, tgw_sif
D:9:      chequers_temple_overflow_statue_of_worship, david_orc_4
D:10:     david_lair_shrubbed, bloody_trog
D:11:     minmay_liquid_box
D:12:     uniq_sonja
Lair:1:   basic_altar
Lair:2:   elwin_shoals_entry_rocks, minmay_lair_oklob_chamber
Lair:3:   nicolae_spider_entry_tight_spaces, serial_bayou_shore_a,
          grunt_megastairs_5
Lair:4:   beast_lair_carwin_large_4
Lair:5:   slime_altar_2, beast_lair_carwin_3
Lair:6:   gammafunk_lair_ancient_temple, minivault_23, minivault_29
Orc:1:    minmay_goldmine, basic_altar
Orc:2:    grunt_orc_community_town_hall, grunt_orc_community_big_house_1,
          grunt_orc_community_big_house_1, grunt_orc_community_house_2,
          grunt_orc_community_house_3, grunt_orc_community_house_3,
          grunt_orc_community_house_2, grunt_orc_community_house_2,
          uniq_saint_roka

Skill      XL: |  1  2  3  4  5  6  7  8  9 10 11 12 13 14 |
---------------+-------------------------------------------+-----
Dodging        | 1 2 3 4 5 6 7 9 10 12 13 | 13.3
Armour         | 2 3 4 5 7 8 10 11 13 14 | 14.5
Fighting       | 7 8 9 10 11 13 14 15 | 15.4
Long Blades    | 2 3 4 6 8 9 14 15 16 17 | 17.8
Axes           | |  1.2
Bows           | |  1.1
Shields        | |  2.4

Action                   |  1- 3 |  4- 6 |  7- 9 | 10-12 | 13-15 || total
-------------------------+-------+-------+-------+-------+-------++-------
Melee: Unarmed           |    76 |       |       |       |       ||    76
       Headbutt          |    25 |    18 |    66 |    75 |   149 ||   333
       Short sword       |    11 |       |       |       |       ||    11
       Dagger            |    66 |    43 |       |       |       ||   109
       Long sword        |       |    36 |   276 |       |       ||   312
       Great sword       |       |       |    29 |   399 |   727 ||  1155
       Trident           |       |       |       |     6 |    15 ||    21
Invok: Ancestor Life: He |       |       |     1 |       |       ||     1
       Recall Ancestor   |       |       |     1 |     1 |       ||     2
       Ancestor Identity |       |       |     1 |       |       ||     1
 Abil: Evoke Berserk Rag |       |       |       |     2 |     3 ||     5
Evoke: Wand              |       |    10 |     1 |    15 |    15 ||    41
  Use: Potion            |       |     4 |     2 |    12 |     8 ||    26
       Scroll            |       |     1 |     6 |    16 |    10 ||    33
 Stab: Distracted        |     1 |       |     1 |     3 |     2 ||     7
       Confused          |       |       |       |       |     1 ||     1
       Invisible         |       |       |       |       |     1 ||     1
       Paralysed         |       |       |       |       |     1 ||     1
  Eat: Chunk             |     2 |     4 |    12 |    23 |    21 ||    62
       Ration            |       |       |     1 |     1 |     4 ||     6
Armor: Ring mail         |    54 |       |       |       |       ||    54
       Scale mail        |    16 |    34 |    85 |       |       ||   135
       Leather armour    |       |       |    31 |   185 |       ||   216
       Plate armour      |       |       |       |    14 |   455 ||   469
Dodge: Dodged            |    81 |    41 |   246 |   382 |   370 ||  1120
       Rpst.: Long sword |       |     6 |    57 |       |       ||    63
       Great sword       |       |       |    11 |    88 |    94 ||   193

Table legend:
 A = Non-vault XP
 B = Vault XP
 C = Vault XP percentage of total XP
 D = Non-vault monster count
 E = Vault monster count
 F = Vault count percentage of total count
                 A         B        C        D         E       F
            +---------+---------+-------+---------+---------+-------
      Total |   59569 |   42668 |  41.7 |     457 |     225 |  33.0
            +---------+---------+-------+---------+---------+-------
        D:1 |      45 |       0 |   0.0 |      24 |       0 |   0.0
        D:2 |      62 |       0 |   0.0 |      17 |       0 |   0.0
        D:3 |      57 |      36 |  38.7 |      20 |       1 |   4.8
        D:4 |     700 |     172 |  19.7 |      15 |       1 |   6.2
        D:5 |     508 |       0 |   0.0 |      19 |       0 |   0.0
        D:6 |     713 |      40 |   5.3 |      20 |       1 |   4.8
        D:7 |     939 |       0 |   0.0 |      16 |       0 |   0.0
        D:8 |    1451 |     194 |  11.8 |      28 |       9 |  24.3
        D:9 |    2211 |     724 |  24.7 |      34 |      18 |  34.6
       D:10 |    5417 |     367 |   6.3 |      42 |       1 |   2.3
       D:11 |    2298 |       0 |   0.0 |      16 |       0 |   0.0
       D:12 |    2446 |     820 |  25.1 |       6 |       1 |  14.3
     Lair:1 |    2541 |       0 |   0.0 |      12 |       0 |   0.0
     Lair:2 |    2550 |    1441 |  36.1 |      15 |       4 |  21.1
     Lair:3 |    6029 |    2592 |  30.1 |      23 |      12 |  34.3
     Lair:4 |    8258 |    4909 |  37.3 |      24 |      16 |  40.0
     Lair:5 |    4988 |    1681 |  25.2 |      21 |       4 |  16.0
     Lair:6 |    9469 |   17845 |  65.3 |      35 |      68 |  66.0
      Orc:1 |    8765 |     837 |   8.7 |      69 |      16 |  18.8
      Orc:2 |     122 |   11010 |  98.9 |       1 |      73 |  98.6
            +---------+---------+-------+---------+---------+-------
